 Dungeon Crawl Stone Soup version 0.31-a0-232-gb1c03b2570 (webtiles) character file.

Game seed: 11914508318346446072

314 Ijustatesigmund the Stinger (level 6, 0/57 HPs)
             Began as an Octopode Venom Mage on July 7, 2023.
             Succumbed to a water moccasin's poison
             ... on level 4 of the Dungeon.
             The game lasted 00:06:40 (3732 turns).

Ijustatesigmund the Stinger (Octopode Venom Mage)   Turns: 3732, Time: 00:06:40

Health: 0/57       AC: 23    Str:  7    XL:     6   Next: 43%
Magic:  20/20      EV:  2    Int: 20    God:
Gold:   237        SH:  0    Dex: 12    Spells: 1/11 levels left

rFire   . . .        h - staff of Irritation {rPois rN+ MP+9 Poison}
rCold   . . .        (no shield)
rNeg    + . .        (helmet currently unavailable)
rPois   +            n - amulet of magic regeneration
rElec   .            (no ring)
rCorr   .            (no ring)
SInv    .            (no ring)
Will    .....        (no ring)
Stlth   ++           (no ring)
HPRegen 0.29/turn    (no ring)
MPRegen 0.57/turn    (no ring)
                     (no ring)

%: clarity
@: lethally poisoned (0 -> -6), tree-form, hasted, very quick
A: stationary, stasis, torment immunity, boosted hp, almost no armour,
(amphibious), 8 rings, (camouflage 1), (gelatinous body 1), (nimble swimmer 1),
(tentacles), clarity, (cold resistance 1)
a: no special abilities


You were on level 4 of the Dungeon.
You were a tree.
You visited 1 branch of the dungeon, and saw 4 of its levels.

You collected 237 gold pieces.

Inventory:

Hand Weapons
 c - a +0 battleaxe
 e - a +0 short sword of holy wrath
Magical Staves
 h - the staff of Irritation (weapon) {rPois rN+ MP+9 Poison}
   (You acquired it on level 3 of the Dungeon)

   [staff of poison]

   Base accuracy: +5 Base damage: 5 Base attack delay: 1.2 This weapon's minimum
   attack delay (0.6) is reached at skill level 12.
   rPois:     It protects you from poison.
   rN:        It protects you from negative energy.
   MP:        It affects your magic capacity (+9).
   Poison:    It increases the power of your Poison spells.
   It falls into the 'Staves' category.
   It is a one-tentacled weapon.
Jewellery
 n - an amulet of magic regeneration (around neck)
Scrolls
 g - a scroll of poison
Potions
 a - 3 potions of magic
 j - a potion of haste


   Skills:
 - Level 1.4 Fighting
 + Level 1.2 Staves
 - Level 2.0 Dodging
 - Level 2.6 Stealth
 + Level 3.3 Spellcasting
 + Level 2.1 Conjurations
 - Level 1.0 Transmutations
 + Level 2.6 Air Magic
 + Level 5.2 Poison Magic


You had one spell level left.
You knew the following spells:

 Your Spells              Type           Power      Damage    Failure   Level
a - Sting                 Tmut/Pois      92%        1d7       3%          1
b - Poisonous Vapours     Pois/Air       56%        N/A       4%          2
c - Mephitic Cloud        Conj/Pois/Air  24%        N/A       11%         3
d - Olgreb's Toxic Radia  Pois           36%        N/A       16%         4

Your spell library contained the following spells:

 Spells                   Type           Power      Damage    Failure   Level
 Magic Dart               Conj           44%        1d5       6%          1
 Searing Ray              Conj           22%        2d5       9%          2
 Lesser Beckoning         Tloc           6%         N/A       21%         2
 Gell's Gravitas          Tloc           3%         N/A       38%         3
 Summon Guardian Golem    Hex/Summ       3%         N/A       38%         3
 Teleport Other           Tloc           3%         N/A       38%         3
 Fulminant Prism          Conj/Hex       3%         3d5       65%         4
 Alistair's Intoxication  Tmut/Pois      15%        N/A       71%         5
 Borgnjor's Vile Clutch   Necr/Erth      1%         N/A       98%         5
 Eringya's Noxious Bog    Tmut/Pois      11%        4d6       99%         6
 Orb of Destruction       Conj           5%         9d5       100%        7
 Spellforged Servitor     Conj/Summ      3%         N/A       100%        7


Dungeon Overview and Level Annotations

Branches:
Dungeon (4/15)
 Temple: D:4-7

Altars:
Elyvilon
Gozag
Xom


Innate Abilities, Weirdness & Mutations

You are a tree.
Your roots penetrate the ground, keeping you stationary.
You cannot be teleported.
You are immune to unholy pain and torment.
Your maximum health is greatly increased.
You cannot wear most types of armour.
((You are amphibious.))
You can wear up to eight rings at the same time.
((Your skin changes colour to match your surroundings (Stealth+).))
((Your rubbery body absorbs attacks. (AC +1, EV +1)))
((You are camouflaged when in or above water. (Stealth+)))
((You have tentacles for arms and can constrict up to eight enemies at once.))
You possess an exceptional clarity of mind.
((Your flesh is cold resistant. (rC+)))


Message History

You release your grip on the water moccasin.
You completely miss the water moccasin. Your grab misses the water moccasin.
The water moccasin is heavily wounded.
The water moccasin closely misses you.
You hit the water moccasin. You grab the water moccasin.
The water moccasin is heavily wounded.
You constrict the water moccasin, but do no damage.
The water moccasin closely misses you.
You hit the water moccasin.
The water moccasin is severely wounded.
You constrict the water moccasin, but do no damage.
The water moccasin bites you.
You barely miss the water moccasin.
The water moccasin is severely wounded.
You constrict the water moccasin. The water moccasin bites you.
You are poisoned.
The water moccasin poisons you!
You hit the water moccasin.
The water moccasin is almost dead.
You constrict the water moccasin, but do no damage.
You feel very sick. The water moccasin bites you.
You hit the water moccasin but do no damage.
The water moccasin is almost dead.
You constrict the water moccasin.
You feel sick. The water moccasin bites you!
* * * LOW HITPOINT WARNING * * *
Really quaff the potion of lignification?
You turn into a tree.
Your roots penetrate the ground.
You lose your grip on the water moccasin.
* * * LOW HITPOINT WARNING * * *
You feel sick.
The water moccasin bites you but does no damage.
You hit the water moccasin.
The water moccasin is almost dead.
* * * LOW HITPOINT WARNING * * *
You feel sick.
The water moccasin bites you but does no damage.
You hit the water moccasin but do no damage.
The water moccasin is almost dead.
You die...

.######.##.#
.........).###
#.#........)#
#>..##.##.#...#
#####.###.# # #
..........#
#.......##
#......S###.#
#......♣....#
#......<###.#
#.......#
#.......#
.###.##.######..
...............#
........#####..#
.####.#.#
#.#.#####..#


You could see a water moccasin.

Vanquished Creatures
  2 scorpions (D:4)
  Terence (D:3)
  Jessica (D:2)
  An orc wizard (D:4)
  Robin (D:3)
  4 adders
  An orc (D:3)
  13 ball pythons
  9 bats
  2 endoplasms
  4 giant cockroaches
  10 goblins
  5 hobgoblins
  A jackal (D:2)
  6 kobolds
  2 quokkas
  3 frilled lizards (D:1)
  7 rats
73 creatures vanquished.

Notes
Turn   | Place    | Note
-------+----------+-------------------------------------------
     0 | D:1      | Ijustatesigmund the Octopode Venom Mage began the quest for
                  | the Orb.
     0 | D:1      | Reached XP level 1. HP: 11/11 MP: 3/3
   164 | D:1      | Reached XP level 2. HP: 13/18 MP: 5/5
   167 | D:1      | Learned a level 2 spell: Poisonous Vapours
   401 | D:1      | Gained mutation: You possess an exceptional clarity of
                  | mind. [potion of mutation]
   401 | D:1      | Gained mutation: Your flesh is cold resistant. (rC+)
                  | [potion of mutation]
   688 | D:1      | Reached skill level 1 in Fighting
   693 | D:1      | Reached skill level 4 in Poison Magic
   934 | D:2      | Noticed Jessica
   941 | D:2      | Killed Jessica
   942 | D:2      | Reached skill level 1 in Air Magic
   942 | D:2      | Reached XP level 3. HP: 17/23 MP: 3/6
   946 | D:2      | Learned a level 3 spell: Mephitic Cloud
  1147 | D:2      | Reached XP level 4. HP: 22/28 MP: 7/7
  1448 | D:2      | Found an opulent altar of Gozag.
  2072 | D:3      | Found a faded altar of an unknown god.
  2098 | D:3      | Reached skill level 1 in Conjurations
  2138 | D:3      | Found a shimmering altar of Xom.
  2138 | D:3      | Found a white marble altar of Elyvilon.
  2356 | D:3      | Noticed Terence
  2364 | D:3      | Killed Terence
  2365 | D:3      | Reached XP level 5. HP: 28/33 MP: 5/9
  2503 | D:3      | Noticed Robin
  2509 | D:3      | Identified a scroll of acquirement
  2509 | D:3      | Acquired the staff of Irritation {rPois rN+ MP+9 Poison}
  2529 | D:3      | Killed Robin
  3254 | D:4      | Reached skill level 5 in Poison Magic
  3254 | D:4      | Reached XP level 6. HP: 15/38 MP: 10/10
  3544 | D:4      | Learned a level 4 spell: Olgreb's Toxic Radiance
  3559 | D:4      | Reached skill level 1 in Staves
  3704 | D:4      | Noticed a water moccasin
  3731 | D:4      | HP: 1/57 [poisoned by a water moccasin]
  3732 | D:4      | Succumbed to a water moccasin's poison

Illustrated notes

Levels and vault maps discovered:
D:1:      grunt_arrival_crossed_arrows, layout_rooms, minmay_door_square,
          minmay_pentomino_z4
D:2:      layout_basic, basic_altar, minmay_misc_feat_tower, eino_tiny_chamber,
          minmay_misc_feat_four_crosses, kennysheep_generic_room_6, uniq_jessica
D:3:      layout_loops_corners, grunt_temple_overflow_open,
          ebering_ecumenical_altar_box, serial_bayou_lake_a, uniq_terence,
          uniq_robin
D:4:      layout_loops_ring, tgw_fedhas

Skill      XL: |  1  2  3  4  5  6 |
---------------+-------------------+-----
Fighting       | 1 |  1.4
Poison Magic   | 4 5 |  5.2
Air Magic      | 1 2 |  2.6
Conjurations   | 1 2 |  2.1
Spellcasting   | 3 |  3.3
Staves         | 1 |  1.2
Dodging        | |  2.0
Stealth        | |  2.6
Transmutations | |  1.0

Action                     |  1- 3 |  4- 6 || total
---------------------------+-------+-------++-------
  Melee: Unarmed           |    14 |       ||    14
         Constrict         |    13 |    20 ||    33
         Tentacles         |    11 |    16 ||    27
         Battleaxe         |    24 |    41 ||    65
         Short sword       |     9 |       ||     9
         Punch             |     1 |       ||     1
         Staff             |       |    39 ||    39
   Cast: Poisonous Vapours |     8 |    37 ||    45
         Sting             |     1 |     3 ||     4
         Mephitic Cloud    |       |     1 ||     1
         Olgreb's Toxic Ra |       |     1 ||     1
    Use: Scroll            |     4 |     6 ||    10
         Potion            |     1 |     9 ||    10
   Stab: Sleeping          |     5 |     6 ||    11
 Armour: Skin              |     5 |     6 ||    11
  Dodge: Dodged            |    34 |    66 ||   100

Table legend: (Time is in decaauts)
 A = Elapsed time spent in this place.
 B = Non-inter-level travel time spent in this place.
 C = Inter-level travel time spent in this place.
 D = Time resting spent in this place.
 E = Time spent auto-exploring this place.
 F = Levels seen in this place.
 G = Mean time per level.
                   A        B        C        D        E       F      G
               +--------+--------+--------+--------+--------+-----+--------+
         Total |   3773 |   3688 |     85 |    766 |   2423 |   4 |  943.2 |
       Dungeon |   3773 |   3688 |     85 |    766 |   2423 |   4 |  943.2 |
               +--------+--------+--------+--------+--------+-----+--------+

Top non-repeatable levels by time:
     D:3: 1243 daAuts
     D:2: 1149 daAuts
     D:1: 898 daAuts
     D:4: 481 daAuts
